AoeStats
← LupusLobo

Arabia

510368741Analyzed
1v1 RM · 2d ago on Sep 30, 2026· 62m 28s· 2 players
Game mode
Random Map
Map size
Tiny (2 player)
Population
200
Speed
Normal
Resources
Standard
Victory
Conquest
Starting age
Dark Age
Ending age
Imperial Age
RankedLock teamsTeams togetherTeam positionsShared explorationLock speedFull tech treeHidden civsTurbo modeCheats
Victory
Defeat
🇪🇸 Wei · Spain
1463
+16
🇦🇷 Japanese · Argentina
1465
-16
Pin_de_oro
6:23 Loom
9:17 Feudal Age
9:58 Double-Bit Axe
9:59 Horse Collar
15:02 Padded Archer Armor
19:39 Castle Age
18:27 Fletching
20:24 Bodkin Arrow
26:21 Husbandry
28:10 Wheelbarrow
28:07 Ballistics
31:38 Gold Mining
34:07 Forging
34:02 Scale Barding Armor
34:59 Bow Saw
35:34 Stone Mining
37:15 Chain Barding Armor
42:28 Iron Casting
46:06 Imperial Age
46:05 Leather Archer Armor
45:58 Thumb Ring
46:38 Masonry
47:10 Conscription
46:52 Bracer
47:22 Ring Archer Armor
48:10 Chemistry
47:41 Heavy Plow
48:02 Town Watch
48:32 Hand Cart
50:07 Blast Furnace
50:49 Stone Shaft Mining
51:14 Town Patrol
52:48 Bloodlines
52:01 Light Cavalry
54:20 Elite Tiger Cavalry
56:46 Parthian Tactics
60:00 Hussar
61:46 Gold Shaft Mining
LupusLobo
5:56 Loom
8:56 Feudal Age
9:34 Double-Bit Axe
13:41 Fletching
16:03 Padded Archer Armor
24:22 Castle Age
22:53 Bloodlines
23:03 Gold Mining
22:59 Horse Collar
25:03 Bodkin Arrow
25:52 Bow Saw
26:27 Leather Archer Armor
28:20 Wheelbarrow
29:15 Ballistics
29:25 Thumb Ring
31:43 Hand Cart
31:36 Heavy Plow
33:34 Town Watch
35:23 Husbandry
42:14 Imperial Age
41:09 Scale Mail Armor
41:19 Forging
40:34 Pikeman
41:15 Squires
41:05 Arson
43:09 Chain Mail Armor
44:25 Plate Mail Armor
45:48 Conscription
50:13 Elite Skirmisher
51:37 Bracer
52:07 Ring Archer Armor
53:18 Ring Archer Armor
53:43 Murder Holes
58:09 Halberdier
59:01 Capped Ram
60:53 Chemistry
60:46 Iron Casting
62:33 Iron Casting
Connection lost

Rejoining the realm…

Still unreachable

The connection could not be restored.

Session expired

The server has moved on; the page needs a fresh start.